GLBL
OWEN SOUND WAVERIDERS @ TORONTO MAPLES
07/21/2048
 
TOP OF THE 1ST
Owen Sound Waveriders batting - Pitching for Toronto Maples : RHP Ramón Méndez
Pitching: RHP Ramón Méndez
Batting: LHB Steven Key 0-0: Ball
1-0: Bunt for hit to 25 - play at first, batter safe!
Batting: RHB Benjamin Turley 0-0: Ball
Steven Key steals 2nd base
1-0: Foul Ball, location: 2F
1-1: Ball
2-1: Foul Ball, location: 2F
2-2: Ground out 4-3 (Groundball, 4, EV 79.4 MPH)
Steven Key to third
Batting: LHB Jake Teare 0-0: Ground out 1-3 (Groundball, 13S, EV 69.4 MPH)
Batting: LHB Freddy Leggett 0-0: Ball
1-0: Ball
2-0: Called Strike
2-1: Swinging Strike
2-2: Ground out 4-3 (Groundball, 4, EV 81.3 MPH)
Top of the 1st over - 0 runs, 1 hit, 0 errors, 1 left on base; Owen Sound 0 - Toronto 0
BOTTOM OF THE 1ST
Toronto Maples batting - Pitching for Owen Sound Waveriders : LHP Marc Rowsell
Pitching: LHP Marc Rowsell
Batting: RHB Mark Ekdar 0-0: Called Strike
0-1: Foul Ball, location: 5FF
0-2: Strikes out swinging
Batting: LHB Lloyd Wilcox 0-0: Ball
1-0: Fly out, F6 (Line Drive, 6, EV 65.6 MPH)
Batting: RHB John McIlmoyle 0-0: Called Strike
0-1: Swinging Strike
0-2: Foul Ball, location: 7LMF
0-2: Fly out, F4 (Popup, 4M, EV 47.5 MPH)
Bottom of the 1st over - 0 runs, 0 hits, 0 errors, 0 left on base; Owen Sound 0 - Toronto 0
TOP OF THE 2ND
Owen Sound Waveriders batting - Pitching for Toronto Maples : RHP Ramón Méndez
Batting: LHB Larry Wells 0-0: Ball
1-0: Foul Ball, location: 2F
1-1: Ball
2-1: Called Strike
2-2: Foul Ball, location: 9LDF
2-2: Ball
3-2: Fly out, F4 (Line Drive, 4M, EV 68.1 MPH)
Batting: SHB Brad Durant 0-0: Ball
1-0: Foul Ball, location: 7LDF
1-1: Foul Ball, location: 7LSF
1-2: Foul Ball, location: 2F
1-2: Foul Ball, location: 7LSF
1-2: Ground out 4-3 (Groundball, 4, EV 88.1 MPH)
Batting: RHB Steven Dow 0-0: Ball
1-0: Ball
2-0: Called Strike
2-1: Ball
3-1: Base on Balls
Batting: SHB Maël Durant 0-0: Called Strike
0-1: Ball
1-1: Foul Ball, location: 2F
1-2: Strikes out swinging
Top of the 2nd over - 0 runs, 0 hits, 0 errors, 1 left on base; Owen Sound 0 - Toronto 0
BOTTOM OF THE 2ND
Toronto Maples batting - Pitching for Owen Sound Waveriders : LHP Marc Rowsell
Batting: LHB Brett Collins 0-0: Called Strike
0-1: Foul Ball, location: 7LSFF
0-2: Strikes out looking
Batting: RHB José Ramírez 0-0: Ground out 4-3 (Groundball, 34, EV 89.4 MPH)
Batting: SHB Martin Useni 0-0: Ball
1-0: Foul Ball, location: 2F
1-1: Ball
2-1: Foul Ball, location: 9LMF
2-2: Foul Ball, location: 3F
2-2: Ball
3-2: Strikes out looking
Bottom of the 2nd over - 0 runs, 0 hits, 0 errors, 0 left on base; Owen Sound 0 - Toronto 0
TOP OF THE 3RD
Owen Sound Waveriders batting - Pitching for Toronto Maples : RHP Ramón Méndez
Batting: LHB Marc Rowsell 0-0: Ground out 3-1 (Groundball, 34, EV 81.9 MPH)
Batting: LHB Steven Key 0-0: Ball
1-0: Called Strike
1-1: Ground out 3-1 (Groundball, 34S, EV 80.6 MPH)
Batting: RHB Benjamin Turley 0-0: Ball
1-0: Ball
2-0: Called Strike
2-1: Ground out 6-3 (Groundball, 56, EV 86.9 MPH)
Top of the 3rd over - 0 runs, 0 hits, 0 errors, 0 left on base; Owen Sound 0 - Toronto 0
BOTTOM OF THE 3RD
Toronto Maples batting - Pitching for Owen Sound Waveriders : LHP Marc Rowsell
Batting: RHB António Pérez 0-0: Called Strike
0-1: Ball
1-1: Swinging Strike
1-2: Fly out, F4 (Popup, 4D, EV 46.3 MPH)
Batting: RHB Jim Gates 0-0: Foul Ball, location: 9LMF
0-1: Fly out, F8 (Flyball, 8RXD, EV 103.8 MPH)
Batting: LHB Ramón Méndez 0-0: Foul Ball, location: 9LSFF
0-1: Called Strike
0-2: Ball
1-2: Ball
2-2: Ball
3-2: Strikes out swinging
Bottom of the 3rd over - 0 runs, 0 hits, 0 errors, 0 left on base; Owen Sound 0 - Toronto 0
TOP OF THE 4TH
Owen Sound Waveriders batting - Pitching for Toronto Maples : RHP Ramón Méndez
Batting: LHB Jake Teare 0-0: Ball
1-0: Called Strike
1-1: Ball
2-1: Swinging Strike
2-2: Ground out U3 (Groundball, 3L, EV 87.5 MPH)
Batting: LHB Freddy Leggett 0-0: Swinging Strike
0-1: Ball
1-1: Foul Ball, location: 5FF
1-2: Ball
2-2: Strikes out swinging
Batting: LHB Larry Wells 0-0: Ground out 6-3 (Groundball, 6, EV 103.8 MPH)
Top of the 4th over - 0 runs, 0 hits, 0 errors, 0 left on base; Owen Sound 0 - Toronto 0
BOTTOM OF THE 4TH
Toronto Maples batting - Pitching for Owen Sound Waveriders : LHP Marc Rowsell
Batting: RHB Mark Ekdar 0-0: Called Strike
0-1: Ground out 4-3 (Groundball, 4, EV 105.0 MPH)
Batting: LHB Lloyd Wilcox 0-0: Called Strike
0-1: Ball
1-1: SINGLE (Groundball, 34D, EV 97.5 MPH)
Batting: RHB John McIlmoyle 0-0: Ball
1-0: Called Strike
1-1: SINGLE (Line Drive, 4D, EV 99.4 MPH)
Lloyd Wilcox to second
Batting: LHB Brett Collins 0-0: Ball
1-0: 3-RUN HOME RUN (Flyball, 9D, EV 93.8 MPH), Distance : 358 ft
Batting: RHB José Ramírez 0-0: Called Strike
0-1: Ball
1-1: Called Strike
1-2: Ground out 6-3 (Groundball, 6M, EV 82.5 MPH)
Batting: SHB Martin Useni 0-0: Called Strike
0-1: Called Strike
0-2: Ground out U3 (Groundball, 3S, EV 90.0 MPH)
Bottom of the 4th over - 3 runs, 3 hits, 0 errors, 0 left on base; Owen Sound 0 - Toronto 3
TOP OF THE 5TH
Owen Sound Waveriders batting - Pitching for Toronto Maples : RHP Ramón Méndez
Batting: SHB Brad Durant 0-0: Ball
1-0: Foul Ball, location: 23FF
1-1: Called Strike
1-2: SINGLE (Groundball, 6MD, EV 102.5 MPH)
Batting: RHB Steven Dow 0-0: Ball
1-0: Ball
Brad Durant steals 2nd base
2-0: Called Strike
2-1: Foul Ball, location: 3F
2-2: Foul Ball, location: 9LMF
2-2: DOUBLE (Line Drive, 9LM, EV 88.8 MPH)
Brad Durant scores
Batting: SHB Maël Durant 0-0: Ball
1-0: Ball
2-0: Called Strike
2-1: Swinging Strike
2-2: Ball
3-2: Strikes out looking
Batting: LHB Marc Rowsell 0-0: Ball
1-0: Called Strike
1-1: Foul Ball, location: 7LMF
1-2: Strikes out swinging
Batting: LHB Steven Key 0-0: Ball
1-0: Swinging Strike
1-1: Ground out 1-3 (Groundball, 34S, EV 68.1 MPH)
Top of the 5th over - 1 run, 2 hits, 0 errors, 1 left on base; Owen Sound 1 - Toronto 3
BOTTOM OF THE 5TH
Toronto Maples batting - Pitching for Owen Sound Waveriders : LHP Marc Rowsell
Batting: RHB António Pérez 0-0: Called Strike
0-1: Called Strike
0-2: SOLO HOME RUN (Flyball, 89XD, EV 107.5 MPH), Distance : 400 ft
Batting: RHB Jim Gates 0-0: Ball
1-0: Swinging Strike
1-1: Ball
2-1: Ball
3-1: Foul Ball, location: 2F
3-2: Strikes out swinging
Batting: LHB Ramón Méndez 0-0: Ball
1-0: Foul Ball, location: 2LF
1-1: Fly out, F6 (Popup, 6, EV 56.3 MPH)
Batting: RHB Mark Ekdar 0-0: Ball
1-0: Swinging Strike
1-1: SINGLE (Groundball, 6MD, EV 95.6 MPH)
Batting: LHB Lloyd Wilcox 0-0: Foul Ball, location: 2F
0-1: Ground out 4-3 (Groundball, 34, EV 78.1 MPH)
Bottom of the 5th over - 1 run, 2 hits, 0 errors, 1 left on base; Owen Sound 1 - Toronto 4
TOP OF THE 6TH
Owen Sound Waveriders batting - Pitching for Toronto Maples : RHP Ramón Méndez
Batting: RHB Benjamin Turley 0-0: Ball
1-0: Swinging Strike
1-1: Ball
2-1: Fly out, F7 (Flyball, 78S, EV 88.1 MPH)
Batting: LHB Jake Teare 0-0: Called Strike
0-1: Called Strike
0-2: Strikes out swinging
Batting: LHB Freddy Leggett 0-0: Foul Ball, location: 2F
0-1: Ground out 4-3 (Groundball, 4, EV 103.8 MPH)
Top of the 6th over - 0 runs, 0 hits, 0 errors, 0 left on base; Owen Sound 1 - Toronto 4
BOTTOM OF THE 6TH
Toronto Maples batting - Pitching for Owen Sound Waveriders : LHP Marc Rowsell
Batting: RHB John McIlmoyle 0-0: Called Strike
0-1: Called Strike
0-2: Ball
1-2: Strikes out swinging
Batting: LHB Brett Collins 0-0: Called Strike
0-1: Foul Ball, location: 3FF
0-2: Ground out 4-3 (Groundball, 4, EV 78.8 MPH)
Batting: RHB José Ramírez 0-0: Ball
1-0: Foul Ball, location: 5F
1-1: Called Strike
1-2: Foul Ball, location: 9LMF
1-2: Ball
2-2: Ground out 6-3 (Groundball, 6MS, EV 66.9 MPH)
Bottom of the 6th over - 0 runs, 0 hits, 0 errors, 0 left on base; Owen Sound 1 - Toronto 4
TOP OF THE 7TH
Owen Sound Waveriders batting - Pitching for Toronto Maples : RHP Ramón Méndez
Batting: LHB Larry Wells 0-0: Foul Ball, location: 7LSF
0-1: Ball
1-1: Ball
2-1: Swinging Strike
2-2: Ball
3-2: SINGLE (Line Drive, 8LS, EV 97.5 MPH)
Batting: SHB Brad Durant 0-0: Called Strike
0-1: 2-RUN HOME RUN (Line Drive, 7D, EV 103.8 MPH), Distance : 379 ft
Batting: RHB Steven Dow 0-0: Foul Ball, location: 25FF
0-1: Ground out 6-3 (Groundball, 6M, EV 96.9 MPH)
Batting: SHB Maël Durant 0-0: Foul Ball, location: 2F
0-1: Ball
1-1: Ground out 1-3 (Groundball, 34S, EV 69.4 MPH)
Pinch Hitting: LHB Ron Hinton 0-0: Foul Ball, location: 2F
0-1: Ball
1-1: Swinging Strike
1-2: Ball
2-2: Ground out 4-3 (Groundball, 4, EV 106.9 MPH)
Top of the 7th over - 2 runs, 2 hits, 0 errors, 0 left on base; Owen Sound 3 - Toronto 4
BOTTOM OF THE 7TH
Toronto Maples batting - Pitching for Owen Sound Waveriders : LHP Marc Rowsell
Pitching: RHP Kevin McAskill
Batting: SHB Martin Useni 0-0: Called Strike
0-1: Ball
1-1: SINGLE (Groundball, 4MD, EV 96.3 MPH)
Batting: RHB António Pérez 0-0: Ball
1-0: Called Strike
1-1: Swinging Strike
1-2: Grounds into double play, 4-6-3 (Groundball, 4, EV 89.4 MPH)
Batting: RHB Jim Gates 0-0: Ground out 5-3 (Groundball, 5, EV 80.0 MPH)
Bottom of the 7th over - 0 runs, 1 hit, 0 errors, 0 left on base; Owen Sound 3 - Toronto 4
TOP OF THE 8TH
Owen Sound Waveriders batting - Pitching for Toronto Maples : RHP Ramón Méndez
Pitching: RHP Marx Kila
Batting: LHB Steven Key 0-0: Ball
1-0: Ball
2-0: Ball
3-0: Fly out, F8 (Flyball, 8LM, EV 78.1 MPH)
Batting: RHB Benjamin Turley 0-0: Foul Ball, location: 2F
0-1: Ball
1-1: Called Strike
1-2: SINGLE (Line Drive, 7LM, EV 105.6 MPH)
Batting: LHB Jake Teare 0-0: Called Strike
0-1: Foul Ball, location: 2F
0-2: Ball
1-2: Ball
2-2: Strikes out looking
Batting: LHB Freddy Leggett 0-0: Ball
1-0: Fly out, F5 (Popup, 5L, EV 65.0 MPH)
Top of the 8th over - 0 runs, 1 hit, 0 errors, 1 left on base; Owen Sound 3 - Toronto 4
BOTTOM OF THE 8TH
Toronto Maples batting - Pitching for Owen Sound Waveriders : RHP Kevin McAskill
Pinch Hitting: RHB Gerald Powers 0-0: Swinging Strike
0-1: Ball
1-1: Ball
2-1: Ball
3-1: Ground out 4-3 (Groundball, 4D, EV 100.0 MPH)
Batting: RHB Mark Ekdar 0-0: Ball
1-0: Ball
2-0: Called Strike
2-1: DOUBLE (Line Drive, 9LD, EV 100.0 MPH)
Batting: LHB Lloyd Wilcox 0-0: Called Strike
0-1: Called Strike
0-2: Ball
1-2: Ground out 6-3 (Groundball, 4M, EV 103.8 MPH)
Mark Ekdar to third
Batting: RHB John McIlmoyle 0-0: Ball
1-0: Ball
2-0: SINGLE (Groundball, 6MD, EV 95.6 MPH)
Mark Ekdar scores
Batting: LHB Brett Collins 0-0: Called Strike
0-1: Ball
1-1: Ground out 4-3 (Groundball, 4, EV 78.8 MPH)
Bottom of the 8th over - 1 run, 2 hits, 0 errors, 1 left on base; Owen Sound 3 - Toronto 5
TOP OF THE 9TH
Owen Sound Waveriders batting - Pitching for Toronto Maples : RHP Marx Kila
Pitching: RHP Hervé Smart
Batting: LHB Larry Wells 0-0: Ball
1-0: Fly out, F7 (Line Drive, 7, EV 86.9 MPH)
Pinch Hitting: LHB Josselin Leroy 0-0: SINGLE (Groundball, 6M, EV 106.3 MPH) (infield hit)
Batting: RHB Steven Dow 0-0: Ball
1-0: Fly out, F8 (Line Drive, 8RM, EV 98.8 MPH)
Pinch Hitting: SHB Manuel González 0-0: Ground out 4-3 (Groundball, 34S, EV 81.9 MPH)
Top of the 9th over - 0 runs, 1 hit, 0 errors, 1 left on base; Owen Sound 3 - Toronto 5
Monday, February 26th , 2024 - OOTP Baseball 24.10 Build 82